 Dungeon Crawl Stone Soup version 0.32-a0-646-g91cf321817 (webtiles) character file.

Game seed: 363594316225347632

601 Gladio the Changeling (level 7, 0/72 HPs)
             Began as an Oni Shapeshifter on Mar 8, 2024.
             Was an Initiate of Yredelemnul.
             Slain by a gnoll bouda
             ... wielding a +0 whip
              (12 damage)
             ... on level 4 of the Dungeon.
             The game lasted 00:13:56 (3573 turns).

Gladio the Changeling (Oni Shapeshifter)            Turns: 3573, Time: 00:13:57

Health: 0/72       AC:  3    Str: 21    XL:     7   Next: 41%
Magic:  7/7        EV:  9    Int: 11    God:    Yredelemnul [......]
Gold:   157        SH:  0    Dex:  8    Spells: 6/6 levels left

rFire   + .          .
                       - Unarmed
rCold   . . .        (no shield)
rNeg    + . .        a - +0 animal skin
rPois   .            (helmet currently unavailable)
rElec   .            (cloak currently unavailable)
rCorr   .            (gloves unavailable)
SInv    .            (boots unavailable)
Will    .....        (no amulet)
Stlth   +            i - ring of positive energy
HPRegen 0.32/turn    t - ring of protection from fire
MPRegen 0.10/turn

%: no passive effects
@: beast-form, on berserk cooldown, slowed, wreathed by umbra, very slow
A: beast (slay +3), large, unfitting armour, horns 1, tough skin 1, double
potion healing, drunken brawling
a: Begin Untransformation, Renounce Religion, Light the Black Torch, Recall
Undead Harvest


You were on level 4 of the Dungeon.
You worshipped Yredelemnul.
Yredelemnul was noncommittal.
You were a hulking beast.
You visited 2 branches of the dungeon, and saw 5 of its levels.

You collected 157 gold pieces.

Inventory:

Hand Weapons
 r - a +2 whip of electrocution
 v - the +5 flail of the Holding Gods {flame, ^Drain rElec rF+ Will+ Int+7}
   (You found it on level 2 of the Dungeon)

   Int+7:     It affects your intelligence (+7).
   rF+:       It protects you from fire.
   rElec:     It insulates you from electricity.
   Will+:     It increases your willpower.
   ^Drain:    It drains your maximum health when unequipped.
Missiles
 f - 6 javelins
 o - 15 stones
 q - a throwing net
 w - 4 boomerangs (quivered)
Armour
 a - a +0 animal skin (worn)
Jewellery
 i - a ring of positive energy (left hand)
 t - a ring of protection from fire (right hand)
Talismans
 c - a beast talisman (active)
 d - a flux talisman
Scrolls
 j - a scroll of fear {unknown}
 k - 2 scrolls of poison {unknown}
 l - a scroll of blinking {unknown}
 m - a scroll of brand weapon {unknown}
 n - a scroll of enchant armour {unknown}
 p - 2 scrolls of teleportation {unknown}
 u - a scroll of revelation {unknown}
 x - 2 scrolls of identify {unknown}
Potions
 b - 2 potions of lignification
 e - a potion of attraction {unknown}
 g - a potion of berserk rage
 h - 3 potions of curing
 s - a potion of haste {unknown}
 z - a potion of might {unknown}
 A - a potion of resistance {unknown}
 B - a potion of mutation {unknown}


   Skills:
 + Level 5.0 Fighting
 - Level 1.7 Dodging
 + Level 4.8 Unarmed Combat
 + Level 1.1 Invocations
 * Level 5.3 Shapeshifting


You had 6 spell levels left.
You didn't know any spells.
Your spell library contained the following spells:

 Spells                   Type           Power      Damage    Failure   Level
 Freeze                   Ice            0%         1d3       34%         1
 Dazzling Flash           Conj/Hex       0%         N/A       71%         3
 Frozen Ramparts          Ice            0%         1d1       71%         3
 Hailstorm                Conj/Ice       0%         3d5       71%         3
 Volatile Blastmotes      Fire/Tloc      0%         2d10      71%         3
 Fulminant Prism          Conj/Alch      0%         3d5       98%         4
 Iskenderun's Mystic Bla  Conj/Tloc      0%         2d3       98%         4
 Starburst                Conj/Fire      0%         6d3       100%        6
 Maxwell's Capacitive Co  Air            0%         ∞         100%        8


Dungeon Overview and Level Annotations

Branches:
Dungeon (4/15)             Temple (1/1) D:4

Altars:
Cheibriados
Dithmenos
Elyvilon
Fedhas
Gozag
Hepliaklqana
Kikubaaqudgha
Makhleb
Nemelex Xobeh
Okawaru
Qazlal
Ru
Sif Muna
Trog
Uskayaw
Vehumet
Wu Jian
Xom
Yredelemnul
Zin
The Shining One

Annotations:
D:3 3 runed translucent doors, Jamesey's ghost, weakling HuFi


Innate Abilities, Weirdness & Mutations

You are a hulking beast.
Your limbs bulge with bestial killing power. (Slay +3)
You are too large for most types of armour.
You have a pair of small horns on your head.
You have tough skin. (AC +1)
You gain doubled healing and magic from potions.
Whenever you drink a healing potion, you attack all around you.


Message History

The gnoll picks up the pace!
Your gnoll zombie hits the gnoll but does no damage.
The gnoll barely misses you.
The gnoll bouda barely misses your goblin zombie.
You hit the gnoll.
You kill the gnoll!
Their soul becomes fuel for the torch.
Your goblin zombie closely misses the gnoll bouda.
The gnoll bouda hits your goblin zombie with a +0 whip.
Your goblin zombie is destroyed!
The gnoll bouda hits your gnoll zombie with a +0 whip!
Your gnoll zombie hits the gnoll bouda.
You see here 17 gold pieces.
The gnoll bouda hits your gnoll zombie with a +0 whip.
Your gnoll zombie hits the gnoll bouda.
The gnoll bouda hits your gnoll zombie with a +0 whip.
The gnoll bouda hits your gnoll zombie with a +0 whip!
Your gnoll zombie is destroyed!
The gnoll bouda barely misses you.
You barely miss the gnoll bouda.
The gnoll bouda is moderately wounded.
The gnoll bouda gazes fiercely through you!
You feel your attacks grow feeble.
The gnoll bouda hits you with a +0 whip!
* * * LOW HITPOINT WARNING * * *
The gnoll bouda closely misses you.
You hit the gnoll bouda. Your headbutt misses the gnoll bouda.
The gnoll bouda is moderately wounded.
The gnoll bouda closely misses you.
You hit the gnoll bouda but do no damage.
The gnoll bouda is moderately wounded.
Your attacks no longer feel as feeble.
The gnoll bouda misses you.
The gnoll bouda hits you with a +0 whip.
* * * LOW HITPOINT WARNING * * *
You hit the gnoll bouda but do no damage.
The gnoll bouda is moderately wounded.
The gnoll bouda hits you with a +0 whip!
You die...
Your body rises from the dead as a mindless zombie.

#)$g........#..........~~~~~~~~~~
#######....##......♣...~~~~≈≈≈~~~
#####..#.#####.......~~~~≈≈≈~~~
##.........## ##..♣...~~≈≈ß≈ß~≈~
#...........####......~~≈≈≈⌠~≈≈~
#......PPPP..##...♣...~~≈≈ß~ß≈≈~
#..♣♣♣.###PP..#.......~~~≈≈≈≈≈~~
##.....##.##P..#...♣...~~~~≈≈≈~~~
##.....'.ß.#P.ggh......~~~~~~~~~~
#......##.##...##..♣...ß~~~~~~~~~
#...♣P♣.###...###................
#..P....PP..###....♣.............
...♣♣P..♣P..# #..................
.....P......###..♣.♣.♣.♣.♣.♣.♣.♣.
...PPPPPP...##...................
...P........#....♣.♣.............
....♣...♣P..#...........#########


You could see a gnoll bouda and a hobgoblin.

Vanquished Creatures
  Sigmund (D:3)
  A scorpion (D:4)
  2 bombardier beetles (D:3)
  Natasha (thrice) (D:3)
  10 gnolls
  6 adders
  2 dart slugs (D:2)
  2 ribbon worms (D:2)
  6 orcs
  4 ball pythons
  4 endoplasms
  8 giant cockroaches
  10 goblins
  8 hobgoblins
  3 jackals (D:1)
  4 kobolds
  2 quokkas
  6 bats
  4 frilled lizards
  5 rats
91 creatures vanquished.

Vanquished Creatures (others)
  An adder zombie (D:4)
  A gnoll zombie (D:4)
  A goblin zombie (D:4)
  A hobgoblin zombie (D:4)
  2 orc zombies (D:4)
6 creatures vanquished.

Grand Total: 97 creatures vanquished

Notes
Turn   | Place    | Note
-------+----------+-------------------------------------------
     0 | D:1      | Gladio the Oni Shapeshifter began the quest for the Orb.
     0 | D:1      | Reached XP level 1. HP: 19/19 MP: 1/1
   137 | D:1      | Reached XP level 2. HP: 28/28 MP: 2/2
   794 | D:2      | Found a faded altar of an unknown god.
   815 | D:2      | Reached XP level 3. HP: 26/35 MP: 3/3
   915 | D:2      | Found a sparkling altar of Nemelex Xobeh.
   928 | D:2      | Identified the +0 great sword of the Pill Bug {venom, rPois
                  | Str+4}
   957 | D:2      | Reached XP level 4. HP: 40/44 MP: 4/4
  1356 | D:2      | Identified the +5 flail of the Holding Gods {flame, ^Drain
                  | rElec rF+ Will+ Int+7}
  1460 | D:2      | Reached XP level 5. HP: 48/53 MP: 5/5
  1996 | D:3      | Noticed Natasha
  2004 | D:3      | Killed Natasha
  2160 | D:3      | Reached XP level 6. HP: 47/62 MP: 6/6
  2251 | D:3      | Found a runed translucent gate.
  2251 | D:3      | Found a runed translucent gate.
  2252 | D:3      | Found a runed translucent gate.
  2253 | D:3      | Found an opulent altar of Gozag.
  2254 | D:3      | Noticed Jamesey's ghost (weakling HuFi)
  2355 | D:3      | Noticed Natasha
  2389 | D:3      | Killed Natasha
  2570 | D:3      | Noticed Sigmund
  2727 | D:3      | Killed Sigmund
  2728 | D:3      | Reached skill level 5 in Shapeshifting
  2728 | D:3      | Reached XP level 7. HP: 71/71 MP: 7/7
  2807 | D:3      | Noticed Natasha
  2816 | D:3      | Killed Natasha
  2945 | D:4      | Found a staircase to the Ecumenical Temple.
  2952 | Temple   | Entered the Ecumenical Temple
  2993 | Temple   | Became a worshipper of Yredelemnul the Fallen
  3533 | D:4      | Reached skill level 5 in Fighting
  3533 | D:4      | Reached skill level 1 in Invocations
  3573 | D:4      | Slain by a gnoll bouda

Illustrated notes

Levels and vault maps discovered:
D:1:      lightli_molten_gateway, layout_basic, serial_aquarium,
          aquarium_bridge_straight [aquarium_subvault_bridge,
          aquarium_subvault_window, aquarium_subvault_bridge,
          aquarium_subvault_wall], aquarium_window_corner, aquarium_window_1,
          aquarium_window_fake, aquarium_view_2b, aquarium_view_2g,
          aquarium_pool_2, minmay_tetromino_i2
D:2:      layout_loops_ring, shapermc_ecumenical_altar_acropolis, basic_altar
D:3:      layout_rooms, ebering_ghost_gozag, uniq_sigmund, uniq_natasha
D:4:      layout_cave_pods, minmay_temple_entry_overgrown, serial_park,
          serial_park_square2, serial_park_gazebo [serial_park_minivault_5x5_6],
          serial_park_fountain, serial_park_tiny_pond, kennysheep_small_spiral
Temple:   kilobyte_greek_temple

Skill      XL: |  1  2  3  4  5  6  7 |
---------------+----------------------+-----
Unarmed Combat | 3 4 |  4.8
Fighting       | 2 3 4 5 |  5.0
Shapeshifting  | 4 5 |  5.3
Invocations    | 1 |  1.1
Dodging        | |  1.7

Action                     |  1- 3 |  4- 6 |  7- 9 || total
---------------------------+-------+-------+-------++-------
  Melee: Unarmed           |    64 |    18 |    49 ||   131
         Headbutt          |    11 |     7 |    15 ||    33
         Punch             |     3 |       |     1 ||     4
         Whip              |       |   102 |       ||   102
  Throw: Boomerang         |       |     7 |       ||     7
         Stone             |       |     3 |       ||     3
 Invoke: Recall Undead Har |       |       |     1 ||     1
         Light the Black T |       |       |     1 ||     1
    Use: Potion            |       |     2 |     2 ||     4
 Armour: Animal skin       |    27 |   103 |    47 ||   177
         Skin              |       |     6 |       ||     6
  Dodge: Dodged            |    32 |    61 |    24 ||   117

Table legend: (Time is in decaauts)
 A = Elapsed time spent in this place.
 B = Non-inter-level travel time spent in this place.
 C = Inter-level travel time spent in this place.
 D = Time resting spent in this place.
 E = Time spent auto-exploring this place.
 F = Levels seen in this place.
 G = Mean time per level.
                   A        B        C        D        E       F      G
               +--------+--------+--------+--------+--------+-----+--------+
         Total |   3595 |   3256 |    339 |      0 |   2605 |   5 |  719.0 |
       Dungeon |   3511 |   3252 |    259 |      0 |   2605 |   4 |  877.8 |
        Temple |     83 |      3 |     80 |      0 |      0 |   1 |   83.0 |
               +--------+--------+--------+--------+--------+-----+--------+

Top non-repeatable levels by time:
     D:3: 1113 daAuts
     D:2: 1067 daAuts
     D:1: 780 daAuts
     D:4: 549 daAuts
  Temple: 83 daAuts
